 Dungeon Crawl Stone Soup version 0.31-a0-313-g785cd24033 (webtiles) character file.

Game seed: 18018462732867839929

5876 AdnanSaban the Basher (level 10, -1/64 HPs)
             Began as a Gargoyle Fighter on July 17, 2023.
             Was an Elder of Okawaru.
             Slain by a bullfrog (2 damage)
             ... in a bailey.
             The game lasted 00:14:08 (7730 turns).

AdnanSaban the Basher (Gargoyle Fighter)            Turns: 7730, Time: 00:14:12

Health: -1/64      AC: 35    Str: 31    XL:     10   Next: 81%
Magic:  8/10       EV:  9    Int:  8    God:    Okawaru [****..]
Gold:   317        SH:  0    Dex:  9    Spells: 9/9 levels left

rFire   . . .        n - +6 great mace (protect)
rCold   . . .        (shield currently unavailable)
rNeg    + . .        q - +0 plate armour
rPois   ∞            (no helmet)
rElec   +            (no cloak)
rCorr   .            m - +0 pair of gloves
SInv    .            (no boots)
Will    .....        (no amulet) Stlth
                     p - +4 ring of protection
HPRegen 0.30/turn    y - +6 ring of strength
MPRegen 0.12/turn

%: no passive effects
@: heroic, under a protective aura
A: sickness immunity, AC +7, negative energy resistance 1, electricity
resistance, torment resistance 1, petrification resistance
a: Renounce Religion, Heroism, Finesse


You were in a bailey.
You worshipped Okawaru.
Okawaru was greatly pleased with you.
You visited 2 branches of the dungeon, and saw 10 of its levels.
You also visited: Sewer and Bailey.

You collected 317 gold pieces.

Inventory:

Hand Weapons
 a - a +0 flail
 n - a +6 great mace of protection (weapon)
Armour
 c - a +0 buckler
 m - a +0 pair of gloves (worn)
 q - a +0 plate armour (worn)
Jewellery
 p - a +4 ring of protection (left hand)
 y - a +6 ring of strength (right hand)
 z - a +6 ring of intelligence
 C - an amulet of magic regeneration
 I - a ring of magical power
Wands
 D - a wand of roots (3)
 J - a wand of paralysis (11)
Scrolls
 b - 4 scrolls of blinking {unknown}
 e - 12 scrolls of identify {unknown}
 f - 4 scrolls of fear {unknown}
 g - 7 scrolls of teleportation {unknown}
 i - a scroll of amnesia {unknown}
 k - 2 scrolls of revelation {unknown}
 o - a scroll of brand weapon {unknown}
 r - 2 scrolls of fog {unknown}
 t - a scroll of vulnerability {unknown}
 u - a scroll of enchant armour {unknown}
 v - 3 scrolls of immolation {unknown}
 w - 3 scrolls of noise {unknown}
 F - a scroll of enchant weapon {unknown}
 K - a scroll of torment {unknown}
 M - a scroll of summoning {unknown}
Potions
 d - 4 potions of might
 h - 3 potions of degeneration {unknown}
 j - 5 potions of heal wounds
 l - a potion of attraction {unknown}
 s - 2 potions of lignification {unknown}
 x - a potion of enlightenment {unknown}
 A - 2 potions of curing {unknown}
 B - a potion of haste {unknown}
 E - a potion of resistance {unknown}
 G - a potion of ambrosia {unknown}
 H - a potion of invisibility {unknown}
 L - a potion of brilliance {unknown}


   Skills:
 + Level 8.0(13.0) Fighting
 + Level 12.7(17.7) Maces & Flails
 + Level 7.8(12.8) Armour
 + Level 4.5(9.5) Shields


You had 9 spell levels left.
You didn't know any spells.
Your spell library contained the following spells:

 Spells                   Type           Power      Damage    Failure   Level
 Freeze                   Ice            0%         1d3       94%         1
 Sandblast                Erth           0%         2d4       94%         1
 Ensorcelled Hibernation  Hex/Ice        0%         N/A       98%         2
 Passwall                 Tmut/Erth      0%         N/A       98%         2
 Wereblood                Tmut           0%         N/A       98%         2
 Frozen Ramparts          Ice            0%         1d1       100%        3
 Hailstorm                Conj/Ice       0%         3d3       100%        3
 Ozocubu's Armour         Ice            0%         N/A       100%        3
 Stone Arrow              Conj/Erth      0%         3d7       100%        3
 Swiftness                Air            0%         N/A       100%        3
 Manifold Assault         Tloc           0%         N/A       100%        4
 Passage of Golubria      Tloc           0%         N/A       100%        4
 Yara's Violent Unravell  Hex/Tmut       0%         3d3       100%        5
 Dispersal                Tloc           0%         N/A       100%        6
 Ozocubu's Refrigeration  Ice            0%         4d7       100%        7
 Disjunction              Tloc           0%         N/A       100%        8
 Sublimation of Blood     Necr           Unusable   N/A       N/A         2
 Tukima's Dance           Hex            Unusable   N/A       N/A         3
 Summon Hydra             Summ           Unusable   N/A       N/A         7

Dungeon Overview and Level Annotations

Branches:
Dungeon (9/15)             Temple (1/1) D:7           Sewer (visited)
 Bailey (1/1)
   Lair: D:8-11         Orc: D:9-12

Altars:
Ashenzari
Cheibriados
Dithmenos
Elyvilon
Fedhas
Gozag
Hepliaklqana
Kikubaaqudgha
Makhleb
Nemelex Xobeh
Okawaru
Qazlal
Ru
Sif Muna
Trog
Uskayaw
Vehumet
Wu Jian
Xom
Yredelemnul
Zin
The Shining One

Shops:
D:4 [

Annotations:
D:5 1 runed translucent door, Crazy Yiuf Bailey Prince Ribbit


Innate Abilities, Weirdness & Mutations

You are immune to sickness and miasma.
Your stone body is resilient. (AC +7)
You are immune to poison.
You resist negative energy. (rN+)
You are resistant to electric shocks. (rElec)
You are resistant to unholy torment.
You are immune to petrification.


Message History

You miss Prince Ribbit.
Prince Ribbit is heavily wounded.
The bullfrog closely misses you. Prince Ribbit hits you!
The bullfrog hits you but does no damage.
Prince Ribbit hits you but does no damage.
You closely miss Prince Ribbit.
Prince Ribbit is heavily wounded.
The bullfrog barely misses you.
Prince Ribbit blinks!
The bullfrog hits you but does no damage.
You gain the combat prowess of a mighty hero.
Prince Ribbit blinks!
The bullfrog hits you but does no damage.
The human closely misses you.
Prince Ribbit hops awkwardly around.
You barely miss Prince Ribbit.
Prince Ribbit is heavily wounded.
The bullfrog hits you.
* * * LOW HITPOINT WARNING * * *
The human hits you but does no damage.
Prince Ribbit hits you but does no damage.
You miss Prince Ribbit.
Prince Ribbit is heavily wounded.
The bullfrog hits you but does no damage.
Prince Ribbit hits you!
* * * LOW HITPOINT WARNING * * *
The human barely misses you.
The bullfrog hits you but does no damage.
Okay, then.
You hit Prince Ribbit.
Your weapon exudes an aura of protection.
Prince Ribbit is severely wounded.
Prince Ribbit hits you but does no damage.
The bullfrog barely misses you.
You thump Prince Ribbit!
Prince Ribbit is almost dead.
The human hits you with a +0 war axe!
* * * LOW HITPOINT WARNING * * *
Prince Ribbit hits you but does no damage.
The bullfrog hits you.
You die...

##########
##...##~~~##
##....#~~~~~#
##.....'~~~~~#####
#......#~~~~##...##
###.)).##~~~†..∩..#
≈≈≈###..######)÷...#
~~~ ##'#...F@F.∩..#
~~~~ #.....p##...##
~~~~≈ #.......#####
~..~≈#######.p.#
....~≈≈≈#..##..#
........#..#...#
.~~~~p..'.§#...#
~~≈≈≈≈~~#.†...##
≈≈####≈≈#.†..##


You could see Prince Ribbit, a human and a bullfrog.

Vanquished Creatures
  Pikel (D:6)
  An ugly thing (D:8)
  Maggie (D:7)
  A wyvern (D:9)
  Eustachio (D:5)
  5 humans (Bailey)
  2 steam dragons
  A vampire mosquito (D:5)
  A sky beast (D:8)
  A water moccasin (D:7)
  An orc warrior (Bailey)
  2 ice beasts
  2 black bears
  2 ogres
  2 centaurs
  12 bullfrogs
  2 scorpions
  9 killer bees
  A howler monkey (D:7)
  2 orc priests
  4 hounds
  An iron imp (D:7)
  3 sleepcaps
  6 iguanas
  8 orc wizards
  7 gnolls
  12 adders
  A white imp (D:7)
  5 worms
  2 dart slugs
  30 orcs
  13 endoplasms
  8 giant cockroaches
  12 goblins
  6 hobgoblins
  3 jackals (D:2)
  10 quokkas
  19 ball pythons
  7 bats
  10 frilled lizards
  7 rats
224 creatures vanquished.

Notes
Turn   | Place    | Note
-------+----------+-------------------------------------------
     0 | D:1      | AdnanSaban the Gargoyle Fighter began the quest for the
                  | Orb.
     0 | D:1      | Reached XP level 1. HP: 14/14 MP: 1/1
   176 | D:1      | Reached XP level 2. HP: 15/19 MP: 2/2
   275 | D:1      | Reached XP level 3. HP: 20/24 MP: 3/3
   887 | D:2      | Identified the +0 ring mail of Gravitas {rPois Int+4 Dex-4}
   962 | D:2      | Reached XP level 4. HP: 20/29 MP: 4/4
  1317 | D:3      | Found a glowing drain.
  1327 | Sewer    | Entered a sewer
  1386 | Sewer    | Reached skill level 3 in Maces & Flails
  1533 | Sewer    | Reached XP level 5. HP: 31/33 MP: 5/5
  1855 | Sewer    | Reached skill level 4 in Maces & Flails
  1855 | Sewer    | Reached XP level 6. HP: 31/39 MP: 6/6
  2209 | D:3      | Found a glowing golden altar of the Shining One.
  2209 | D:3      | Found a shimmering blue altar of Sif Muna.
  2209 | D:3      | Found an ornate altar of the Wu Jian Council.
  2780 | D:4      | Found Qias Uly's Armour Shop.
  2902 | D:4      | Reached skill level 5 in Maces & Flails
  2902 | D:4      | Reached skill level 5 in Armour
  2902 | D:4      | Reached XP level 7. HP: 44/44 MP: 7/7
  3414 | D:5      | Entered Level 5 of the Dungeon
  3499 | D:5      | Reached skill level 6 in Maces & Flails
  3577 | D:5      | Reached skill level 5 in Fighting
  3577 | D:5      | Reached XP level 8. HP: 36/49 MP: 8/8
  3752 | D:5      | Found a sacrificial altar of Ru.
  3790 | D:5      | Reached skill level 7 in Maces & Flails
  3848 | D:5      | Found a shimmering blue altar of Sif Muna.
  3937 | D:5      | Found an iron altar of Okawaru.
  3943 | D:5      | Became a worshipper of Warmaster Okawaru
  3978 | D:5      | Noticed Eustachio
  4053 | D:5      | Killed Eustachio
  4106 | D:5      | Found a bloodstained altar of Trog.
  4109 | D:5      | Reached skill level 8 in Maces & Flails
  4243 | D:5      | Found a runed translucent door.
  4244 | D:5      | Noticed Crazy Yiuf
  4931 | D:6      | Reached * piety under Okawaru
  4932 | D:6      | Reached skill level 9 in Maces & Flails
  4932 | D:6      | Reached XP level 9. HP: 43/55 MP: 9/9
  5276 | D:7      | Noticed Pikel
  5324 | D:6      | Killed Pikel
  5352 | D:7      | Noticed Maggie
  5362 | D:7      | Killed Maggie
  5362 | D:7      | Reached ** piety under Okawaru
  5363 | D:7      | Reached skill level 10 in Maces & Flails
  5505 | D:7      | Found an ancient bone altar of Kikubaaqudgha.
  5513 | D:7      | Found a white marble altar of Elyvilon.
  5567 | D:7      | Found a snail-covered altar of Cheibriados.
  5707 | D:7      | Found a staircase to the Ecumenical Temple.
  5737 | Temple   | Entered the Ecumenical Temple
  6288 | D:8      | Reached skill level 11 in Maces & Flails
  6288 | D:8      | Reached XP level 10. HP: 63/63 MP: 10/10
  6300 | D:8      | Noticed a centaur warrior
  6328 | D:8      | Noticed a +0 falchion
  6328 | D:8      | Noticed a +0 dagger
  6329 | D:8      | Noticed a +0 spear
  6329 | D:8      | Noticed a +0 spear
  6330 | D:8      | Noticed a +0 short sword
  6331 | D:8      | Noticed a +0 dagger
  6331 | D:8      | Noticed a +0 short sword
  6331 | D:8      | Noticed a +0 falchion
  6384 | D:8      | Found a blossoming altar of Fedhas.
  6441 | D:8      | Found a hide-covered altar of Uskayaw.
  6678 | D:8      | Noticed a green ugly thing
  6700 | D:8      | Killed a green ugly thing
  6700 | D:8      | Reached *** piety under Okawaru
  7214 | D:9      | Found a flagged portal.
  7227 | Bailey   | Entered a bailey
  7340 | Bailey   | Reached skill level 12 in Maces & Flails
  7477 | Bailey   | Reached **** piety under Okawaru
  7702 | Bailey   | Noticed Prince Ribbit
  7730 | Bailey   | HP: 1/64 [human/+0 war axe (7)]
  7730 | Bailey   | Slain by a bullfrog

Illustrated notes

Levels and vault maps discovered:
D:1:      dpeg_arrival_simpleton_b, layout_loops_cross
D:2:      layout_basic
D:3:      layout_loops_ring, grunt_temple_overflow_open, portal_sewer_entry_a
D:4:      layout_loops_corners, serial_shops, nicolae_inconvenience_store
D:5:      layout_loops_corners, chequers_temple_overflow_statue_of_worship,
          hangedman_feature_mirror, uniq_crazy_yiuf_cottage, uniq_eustachio
D:6:      layout_loops_cross
D:7:      layout_gridville, slow_altar_1, mainiacjoe_overflow_large_starburst,
          minmay_temple_entry_proselytizer, uniq_pikel, uniq_maggie
D:8:      layout_rooms, nicolae_uskayaw_en_pointe, lemuel_tele_altar,
          small_chamber_with_monster, small_statue_intersection,
          onia_ninara_dug_in_and_dangerous
D:9:      layout_loops_corners, david_orc_4, enter_bailey_3
Temple:   nicolae_temple_x_marks_the_god
Bailey:   bailey_axe_froggy_fort_hellmonk, bailey

Skill      XL: |  1  2  3  4  5  6  7  8  9 10 |
---------------+-------------------------------+-----
Fighting       | 4 5 7 8 |  8.0
Maces & Flails | 3 4 5 6 9 11 12 | 12.7
Armour         | 4 5 6 7 |  7.8
Shields        | 4 |  4.5

Action                     |  1- 3 |  4- 6 |  7- 9 | 10-12 || total
---------------------------+-------+-------+-------+-------++-------
  Melee: Flail             |   111 |   218 |       |       ||   329
         Great mace        |       |    66 |   210 |   165 ||   441
 Invoke: Heroism           |       |       |       |     1 ||     1
    Use: Potion            |       |     1 |       |       ||     1
 Armour: Scale mail        |    57 |    16 |       |       ||    73
         Chain mail        |       |   176 |       |       ||   176
         Plate armour      |       |    44 |   267 |   169 ||   480
  Dodge: Dodged            |    59 |   135 |    98 |   119 ||   411
  Block: Buckler           |    34 |    70 |       |       ||   104

Table legend: (Time is in decaauts)
 A = Elapsed time spent in this place.
 B = Non-inter-level travel time spent in this place.
 C = Inter-level travel time spent in this place.
 D = Time resting spent in this place.
 E = Time spent auto-exploring this place.
 F = Levels seen in this place.
 G = Mean time per level.
                   A        B        C        D        E       F      G
               +--------+--------+--------+--------+--------+-----+--------+
         Total |   8001 |   7876 |    125 |    436 |   5552 |  12 |  666.8 |
       Dungeon |   6805 |   6680 |    125 |     49 |   5324 |   9 |  756.1 |
        Temple |      1 |      1 |      0 |      0 |      0 |   1 |    1.0 |
         Sewer |    684 |    684 |      0 |     72 |    227 |   1 |  684.0 |
        Bailey |    509 |    509 |      0 |    315 |      0 |   1 |  509.0 |
               +--------+--------+--------+--------+--------+-----+--------+

Top non-repeatable levels by time:
     D:5: 1171 daAuts
     D:7: 1038 daAuts
     D:4: 911 daAuts
     D:1: 732 daAuts
     D:6: 693 daAuts
   Sewer: 684 daAuts
     D:3: 668 daAuts
     D:8: 658 daAuts
     D:2: 612 daAuts
  Bailey: 509 daAuts
     D:9: 319 daAuts
  Temple: 1 daAuts
